 Dungeon Crawl Stone Soup version 0.29.1-15-g9cfb28693d (webtiles) character file.

Game seed: 8200403530482779762

3490 leafyfresh the Fighter (level 10, -3/73 HPs)
             Began as an Octopode Delver on Feb 24, 2023.
             Slain by a death yak (6 damage)
             ... on level 8 of the Dungeon.
             The game lasted 00:10:58 (5513 turns).

leafyfresh the Fighter (Octopode Delver)            Turns: 5513, Time: 00:10:58

Health: -3/73      AC:  3    Str: 14    XL:     10   Next: 7%
Magic:  10/10      EV: 17    Int: 21    God:
Gold:   358        SH:  0    Dex: 15    Spells: 9/9 levels left

rFire   + . .      SeeInvis +   y - +10 short sword of Cetoij {flame, *Rage rF+ Str+2}
rCold   . . .      Faith    .   (no shield)
rNeg    . . .      Spirit   .   E - +0 hat
rPois   +          Reflect  .   u - amulet of regeneration
rElec   .          Harm     .   l - ring of resist corrosion
rCorr   +          Rampage  .   A - ring of see invisible
Will    .....      Rage     20% I - +6 ring of intelligence
Stlth   +++++.....              (no ring)
HPRegen 1.02/turn               (no ring)
MPRegen 0.12/turn               (no ring)
                                (no ring)
                                (no ring)

@: no status effects
A: almost no armour, amphibious, 8 rings, camouflage 1, gelatinous body 1,
(nimble swimmer 1), tentacles, iridescent scales 1, poison resistance
a: no special abilities


You were on level 8 of the Dungeon.
You visited 1 branch of the dungeon, and saw 8 of its levels.
You also visited: Bailey.

You collected 358 gold pieces.

Inventory:

Hand Weapons
 p - the +8 rapier "Reffoguw" {vamp, SInv}
   (You found it on level 3 of the Dungeon)

   It occasionally heals its wielder for a portion of the damage dealt when it
   wounds a living foe.
   SInv:      It lets you see invisible.
 y - the +10 short sword of Cetoij (weapon) {flame, *Rage rF+ Str+2}
   (You found it on level 4 of the Dungeon)

   It burns those it strikes, dealing additional fire damage.
   Str:       It affects your strength (+2).
   rF:        It protects you from fire.
   *Rage:     It berserks you when you make melee attacks (+20% chance).
Armour
 E - a +0 hat (worn)
Jewellery
 l - a ring of resist corrosion (left tentacle)
 u - an amulet of regeneration (around mantle)
 A - a ring of see invisible (right tentacle)
 C - an amulet of reflection
 I - a +6 ring of intelligence (on tentacle)
Wands
 c - a wand of polymorph (7)
 f - a wand of digging (3)
 z - a wand of charming (8)
 D - a wand of flame (3)
Scrolls
 a - 3 scrolls of enchant weapon {unknown}
 b - 3 scrolls of fog
 h - a scroll of vulnerability {unknown}
 i - a scroll of blinking {unknown}
 j - 5 scrolls of identify {unknown}
 r - a scroll of poison
 t - 2 scrolls of teleportation {unknown}
 w - 3 scrolls of noise {unknown}
 B - a scroll of brand weapon
 G - 2 scrolls of enchant armour {unknown}
Potions
 e - a potion of haste
 g - a potion of berserk rage {unknown}
 k - 2 potions of flight {unknown}
 m - a potion of attraction {unknown}
 n - a potion of magic {unknown}
 o - 4 potions of curing {unknown}
 q - 2 potions of lignification {unknown}
 s - 6 potions of heal wounds {unknown}
 v - 5 potions of mutation
 x - 5 potions of might {unknown}
 F - a potion of brilliance {unknown}
 H - 3 potions of resistance {unknown}
 J - a potion of cancellation {unknown}


   Skills:
 + Level 8.4 Fighting
 + Level 7.5(7.9) Short Blades
 - Level 3.5(5.9) Long Blades
 + Level 8.1 Dodging
 - Level 7.7 Stealth


You had 9 spell levels left.
You didn't know any spells.
Your spell library was empty.

Dungeon Overview and Level Annotations

Branches:
Dungeon (8/15)               Lair (0/5) D:8          Bailey (visited)
 Temple: D:4-7

Altars:
Ru

Shops:
D:8 [

Annotations:
D:5 2 transporters, AverageBear's ghost, novice DsFi
D:8 Joseph


Innate Abilities, Weirdness & Mutations

You cannot wear most types of armour.
You are amphibious.
You can wear up to eight rings at the same time.
Your skin changes colour to match your surroundings (Stealth+).
Your rubbery body absorbs attacks. (AC +1, EV +1)
((You are camouflaged when in or above water. (Stealth+)))
You have tentacles for arms and can constrict up to eight enemies at once.
You are partially covered in iridescent scales. (AC +2)
Your system is resistant to poisons. (rPois)


Message History

w - 3 scrolls labelled GITWAG FUJEELI (gained 1)
B - 2 scrolls labelled PEMEAQI LAGU (gained 1)
There is an open door here.
c - a wand of polymorph (7)
You now have 358 gold pieces (gained 20).
Things that are here:
a +0 cloak; a +0 short sword No target in view!
A death yak comes into view.
A death yak comes into view.
The death yak bellows!
You hear a bellow!
The death yak bellows!
You hear a bellow! x2
A death yak comes into view.
There are monsters nearby!
There are monsters nearby!
A death yak comes into view. x2
The death yak gores you!!
Unknown command.
The death yak attacks as you move away! The death yak gores you!!
The death yak attacks as you move away! The death yak completely misses you.
There is an open door here.
The death yak attacks as you move away! The death yak closely misses you.
The death yak attacks as you move away! The death yak gores you!!
* * * LOW HITPOINT WARNING * * *
As you read the scroll of fear, it crumbles to dust.
You assume a fearsome visage.
The death yak resists with almost no effort.
The death yak resists with some effort.
The death yak looks frightened!
The death yak easily resists.
The death yak gores you!!
* * * LOW HITPOINT WARNING * * *
Unknown command.
It was a potion of mutation.
You feel extremely strange.
You feel resistant to poisons.
Iridescent scales grow over part of your body.
The death yak barely misses you.
As you read the scroll labelled PEMEAQI LAGU, it crumbles to dust.
It is a scroll of brand weapon.
You aren't carrying any weapons that can be branded.
The death yak gores you.
You die...

#...)...#######'###
*#.)∩)..#....##...#
#..)..Y#.......(.#
#......Y.........#
#######.....#.....[....
#.......)Y..#.Y........
#...........#..Y.####+#
#......Y....#..Y.##...#
#.....@Y....#.........#
#.<>........#.........#
######......#..........
#......#.!.##.##..
#......#...#,..,,.
#......+...#,...,,
*****#......####.,..Y.,
*,,,,........,*,,,.....
*,,,..........*,,,.....


You could see 5 death yaks.

Vanquished Creatures
  Maurice (D:8)
  Maggie (D:6)
  A hornet (D:7)
  2 water moccasins (D:7)
  2 sky beasts
  A black bear (D:4)
  4 ogres
  2 phantoms
  2 bullfrogs
  3 necrophages
  A gnoll sergeant (D:5)
  3 scorpions
  3 wights (D:7)
  3 killer bees (D:7)
  A howler monkey (D:5)
  2 orc priests
  7 hounds
  5 jellies
  3 iguanas
  3 orc wizards
  9 gnolls
  8 adders
  A white imp (D:5)
  2 worms
  A dart slug (D:1)
  18 orcs
  10 ball pythons
  5 endoplasms
  2 giant cockroaches
  6 goblins
  7 hobgoblins
  7 jackals
  4 quokkas
  5 bats
  A frilled lizard (D:3)
  9 kobolds
  3 rats
148 creatures vanquished.

Notes
Turn   | Place    | Note
-------+----------+-------------------------------------------
     0 | D:5      | leafyfresh the Octopode Delver began the quest for the Orb.
     0 | D:5      | Reached XP level 1. HP: 16/16 MP: 1/1
    20 | D:5      | Reached XP level 2. HP: 21/21 MP: 2/2
    94 | D:5      | Noticed a gnoll sergeant
    98 | D:5      | Reached XP level 3. HP: 26/26 MP: 3/3
   307 | D:4      | Noticed a necrophage
   315 | D:4      | Killed a necrophage
   316 | D:4      | Reached XP level 4. HP: 15/33 MP: 4/4
   482 | D:4      | You fall into a shaft and drop 3 floors!
   522 | D:6      | Reached XP level 5. HP: 37/37 MP: 5/5
   585 | D:5      | Noticed a phantom
  1224 | D:3      | Identified the +8 rapier "Reffoguw" {vamp, SInv}
  1650 | D:2      | Found a faded altar of an unknown god.
  1804 | D:2      | Reached skill level 1 in Long Blades
  2874 | D:1      | Reached XP level 6. HP: 43/43 MP: 6/6
  3138 | D:4      | Identified the +10 short sword of Cetoij {flame, *Rage rF+
                  | Str+2}
  3438 | D:4      | Noticed a black bear
  3445 | D:4      | Killed a black bear
  3495 | D:4      | Reached XP level 7. HP: 49/49 MP: 7/7
  3907 | D:5      | Reached skill level 5 in Fighting
  4001 | D:5      | Found a transporter.
  4003 | D:5      | Noticed AverageBear's ghost (novice DsFi)
  4117 | D:5      | Found a transporter.
  4123 | D:5      | Reached XP level 8. HP: 56/56 MP: 8/8
  4245 | D:5      | Reached skill level 5 in Dodging
  4542 | D:6      | Noticed Maggie
  4555 | D:6      | Killed Maggie
  4556 | D:6      | Reached skill level 5 in Short Blades
  4722 | D:6      | Reached XP level 9. HP: 46/63 MP: 9/9
  5020 | D:7      | Noticed a hornet
  5027 | D:7      | Killed a hornet
  5133 | D:7      | Noticed a two-headed ogre
  5134 | D:7      | Found a sacrificial altar of Ru.
  5370 | D:8      | Noticed Joseph
  5402 | D:8      | Found Kavezed's Armour Emporium.
  5444 | D:8      | Noticed Maurice
  5449 | D:8      | Killed Maurice
  5450 | D:8      | Reached XP level 10. HP: 73/73 MP: 10/10
  5456 | D:8      | Found a flagged portal.
  5463 | Bailey   | Entered a bailey
  5495 | D:8      | Noticed a death yak
  5496 | D:8      | Noticed a death yak
  5496 | D:8      | Noticed a death yak
  5498 | D:8      | Noticed a death yak
  5498 | D:8      | Noticed a death yak
  5511 | D:8      | HP: 1/73 [death yak (19)]
  5512 | D:8      | Gained mutation: Your system is resistant to poisons.
                  | (rPois) [potion of mutation]
  5512 | D:8      | Gained mutation: You are partially covered in iridescent
                  | scales. (AC +2) [potion of mutation]
  5513 | D:8      | Slain by a death yak

Illustrated notes

Levels and vault maps discovered:
D:1:      dpeg_arrival_houses_and_road, layout_basic
D:2:      layout_loops_cross, serial_rivers, chequers_serial_rivers_micro_d,
          chequers_serial_rivers_micro_c, chequers_serial_rivers_marsh,
          chequers_serial_rivers_micro_c, shapermc_ecumenical_altar_notcrosses
D:3:      layout_basic
D:4:      layout_basic
D:5:      layout_basic, gammafunk_ghost_stat_death, amcnicky_mini_pool_medium
D:6:      layout_rooms, kennysheep_generic_room_10, uniq_maggie
D:7:      layout_gridville, minmay_temple_entry_wispy, gammafunk_ghost_split,
          minmay_ruined_shrine, uniq_menkaure
D:8:      layout_gridville, mainiacjoe_overflow_24_doors, dpeg_lair_monsters,
          serial_shops, nicolae_inconvenience_store, enter_bailey_2,
          uniq_amaemon, uniq_joseph, uniq_maurice

Skill      XL: |  1  2  3  4  5  6  7  8  9 |
---------------+----------------------------+-----
Stealth        | 7 |  7.7
Dodging        | 3 4 6 8 |  8.1
Fighting       | 4 5 6 8 |  8.4
Long Blades    | 2 3 |  3.5
Short Blades   | 3 5 7 |  7.5

Action                   |  1- 3 |  4- 6 |  7- 9 | 10-12 || total
-------------------------+-------+-------+-------+-------++-------
Melee: Short sword       |    23 |    86 |   152 |       ||   261
       Tentacles         |     5 |    18 |    31 |       ||    54
       Constrict         |     3 |    28 |    33 |       ||    64
       Rapier            |       |    27 |       |       ||    27
       Punch             |       |       |     2 |       ||     2
Evoke: Wand              |       |       |     1 |       ||     1
  Use: Potion            |       |       |     1 |     1 ||     2
       Scroll            |       |       |     3 |     2 ||     5
 Stab: Sleeping          |     5 |    23 |    11 |       ||    39
       Distracted        |       |     1 |       |       ||     1
Armor: Skin              |     1 |     4 |     5 |       ||    10
Dodge: Dodged            |    13 |    63 |   130 |     3 ||   209
